 Dungeon Crawl Stone Soup version 0.25.0-11-g1f837a76a1 (webtiles) character file.

Game seed: 17906887869867756835

562 kalagan the Cudgeler (level 7, -1/66 HPs)
             Began as a Gargoyle Fighter on June 27, 2020.
             Slain by a hobgoblin zombie (3 damage)
             ... in an ossuary.
             The game lasted 00:06:45 (4173 turns).

kalagan the Cudgeler (Gargoyle Fighter)             Turns: 4173, Time: 00:06:46

Health: -1/66      AC: 23    Str: 22    XL:     7   Next: 32%
Magic:  7/7        EV:  2    Int:  8    God:
Gold:   139        SH:  9    Dex:  9    Spells: 6/6 levels left

rFire    + . .     SeeInvis .   a - +0 flail
rCold    x . .     Gourm    .   c - +0 kite shield
rNeg     + + +     Faith    .   (armour currently unavailable)
rPois    ∞         Spirit   .   (helmet currently unavailable)
rElec    .         Reflect  .   (cloak currently unavailable)
rCorr    .         Harm     .   (gloves currently unavailable)
MR       .....     NoTele   +   (boots currently unavailable)
Stlth    +.........             (no amulet)
HPRegen  0.21/turn              i - ring of fire
MPRegen  0.10/turn              (no ring)

@: tree-form, hasted, very quick
A: negative energy resistance 1, petrification resistance, rot immunity, AC +4
a: no special abilities


You were in an ossuary.
You were near starving.
You were a tree.
You visited 1 branch of the dungeon, and saw 5 of its levels.
You also visited: Ossuary.

You collected 139 gold pieces.

Inventory:

Hand Weapons
 a - a +0 flail (weapon)
Missiles
 m - 4 atropa-tipped darts (quivered)
Armour
 b - a +0 scale mail (melded)
 c - a +0 kite shield (worn)
 q - a +0 hat (melded)
Jewellery
 i - a ring of fire (left branch)
Scrolls
 e - a scroll of blinking
 h - a scroll of remove curse
 l - a scroll of fear
Potions
 g - a potion of invisibility
 j - 3 potions of stabbing
 o - a potion of haste
Comestibles
 f - 4 rations


   Skills:
 + Level 4.6 Fighting
 * Level 4.6 Maces & Flails
 + Level 1.4 Throwing
 + Level 4.4 Armour
 * Level 2.3 Dodging
 - Level 0.1 Stealth
 + Level 4.5 Shields


You had 6 spell levels left.
You didn't know any spells.
Your spell library was empty.

Dungeon Overview and Level Annotations

Branches:
Dungeon (5/15)             Temple (0/1) D:5         Ossuary (1/1)

Altars:
Makhleb
Yredelemnul


Innate Abilities, Weirdness & Mutations

You are resistant to torment.
((Your stone body is resilient. (AC +4)))
You are immune to poison.
You resist negative energy. (rN+)
((You are resistant to electric shocks. (rElec)))
((You can survive without breathing.))
You are immune to petrification.
You are immune to rotting.


Message History

Unknown command.
You hit the gnoll zombie.
The gnoll zombie is lightly damaged.
Unknown command.
You hit the gnoll zombie.
The gnoll zombie is moderately damaged.
The gnoll zombie hits you but does no damage.
The hobgoblin zombie hits you but does no damage.
The human zombie hits you.
* * * LOW HITPOINT WARNING * * *
Unknown command.
You thump the gnoll zombie!
The gnoll zombie is almost destroyed.
You block the gnoll zombie's attack.
Unknown command.
You hit the gnoll zombie but do no damage.
The gnoll zombie is almost destroyed.
The human zombie hits you but does no damage.
The hobgoblin zombie hits you.
You die...

....##...............#
........................
.#......................
##....M................
#..........∩∩.........
##.........M...........
.#.............Z........
..............ZZ........
.......M....MZZZ♣.......
....##.........Z..M..##.
....##.........Z.....#
........................
........................
##.........#####........
$#........... .........
#........... .........


You could see 3 mummies, a hobgoblin zombie, a gnoll zombie, a kobold zombie, 2
big kobold zombies, an elf zombie and 2 human zombies.

Vanquished Creatures
  A phantom (D:4)
  An ogre (D:4)
  A scorpion (D:2)
  A howler monkey (D:4)
  2 hounds (D:5)
  2 orc priests (D:3)
  A worker ant (D:4)
  4 adders
  A shadow imp (D:2)
  4 oozes
  An adder zombie (Ossuary)
  2 worms
  4 dart slugs
  A leopard gecko (D:4)
  14 orcs (D:3)
  3 giant cockroaches (D:2)
  6 goblins
  10 hobgoblins
  3 jackals (D:4)
  6 kobolds
  3 quokkas
  3 bats
  5 frilled lizards
  A hobgoblin zombie (Ossuary)
  A jackal zombie (Ossuary)
  7 rats
  A rat zombie (Ossuary)
89 creatures vanquished.

Notes
Turn   | Place    | Note
-------+----------+-------------------------------------------
     0 | D:1      | kalagan the Gargoyle Fighter began the quest for the Orb.
     0 | D:1      | Reached XP level 1. HP: 14/14 MP: 1/1
     0 | D:1      | Noticed a merfolk zombie
     8 | D:1      | Noticed a merfolk zombie
    15 | D:1      | Noticed a minotaur zombie
    19 | D:1      | Noticed a merfolk zombie
   254 | D:1      | Reached XP level 2. HP: 19/19 MP: 2/2
   979 | D:2      | Found a faded altar of an unknown god.
   994 | D:2      | Reached XP level 3. HP: 23/23 MP: 3/3
  1176 | D:2      | Noticed a scorpion
  1195 | D:2      | Killed a scorpion
  1195 | D:2      | Reached XP level 4. HP: 9/29 MP: 4/4
  2079 | D:2      | Found a burning altar of Makhleb.
  2105 | D:2      | Reached XP level 5. HP: 21/33 MP: 5/5
  2539 | D:3      | Reached skill level 1 in Dodging
  2915 | D:3      | Reached XP level 6. HP: 12/38 MP: 6/6
  3429 | D:4      | Noticed a phantom
  3451 | D:4      | Killed a phantom
  3451 | D:4      | Reached skill level 1 in Throwing
  3677 | D:4      | Reached XP level 7. HP: 42/44 MP: 7/7
  4048 | D:5      | Entered Level 5 of the Dungeon
  4057 | D:5      | Found a basalt altar of Yredelemnul.
  4104 | D:5      | Found a sand-covered staircase.
  4113 | Ossuary  | Entered an ossuary
  4145 | Ossuary  | HP: 1/44 [mummy (13)]
  4171 | Ossuary  | HP: 2/66 [human zombie (4)]
  4173 | Ossuary  | Slain by a hobgoblin zombie

Illustrated notes

Levels and vault maps discovered:
D:1:      shiori_arrival_whats_in_store_for_you, layout_basic, st_stairs_4,
          kennysheep_pointless_box
D:2:      layout_loops_corners, makhleb_grotto_becter,
          chequers_ecumenical_altar_simple
D:3:      layout_loops_ring
D:4:      layout_rooms, first_ration, grunt_decor_clamped
D:5:      layout_basic, yredelemnul_altar_generic, temple_hall, enter_ossuary_1,
          fedhas_altar_1, uniq_crazy_yiuf_cottage
Ossuary:  ossuary_minmay_tomb_2a

Skill      XL: |  1  2  3  4  5  6 |
---------------+-------------------+-----
Maces & Flails | 3 4 |  4.6
Fighting       | 4 |  4.6
Shields        | 4 |  4.5
Dodging        | 1 2 |  2.3
Armour         | 4 |  4.4
Throwing       | 1 |  1.4
Stealth        | |  0.1

Action                   |  1- 3 |  4- 6 |  7- 9 || total
-------------------------+-------+-------+-------++-------
Melee: Flail             |   121 |   216 |    64 ||   401
Throw: Dart              |       |       |     4 ||     4
  Use: Scroll            |       |     5 |     3 ||     8
       Potion            |       |     1 |     4 ||     5
  Eat: Chunk             |     1 |     5 |       ||     6
       Ration            |       |     1 |       ||     1
Armor: Scale mail        |    56 |    88 |    62 ||   206
       Skin              |       |       |     3 ||     3
Dodge: Dodged            |    30 |    63 |    32 ||   125
Block: Kite shield       |    61 |    85 |    44 ||   190
